 Dungeon Crawl Stone Soup version 0.19.5 (webtiles) character file.

1107 mike2R the Magician (level 8, 0/57 HPs)
             Began as a White Draconian Conjurer on Apr 28, 2017.
             Was an Initiate of Ru.
             Slain by an orc warrior
             ... wielding a +0 short sword
              (8 damage)
             ... on level 6 of the Dungeon.
             The game lasted 00:47:47 (5981 turns).

mike2R the Magician (White Draconian Conjurer)      Turns: 5981, Time: 00:47:48

Health: 0/57       AC:  7    Str: 12    XL:     8   Next: 11%
Magic:  1/16       EV: 12    Int: 17    God:    Ru [......]
Gold:   181        SH:  0    Dex: 11    Spells: 6 memorised, 2 levels left

rFire  . . .     SeeInvis .     a - +0 morningstar
rCold  + . .     Gourm    .     (armour unavailable)
rNeg   . . .     Faith    .     (no shield)
rPois  .         Spirit   .     (helmet restricted)
rElec  .         Reflect  .     n - +0 cloak
rCorr  .         Harm     .     (no gloves)
MR     .....                    (no boots)
Stlth  ++........               (no amulet)
                                (no ring)
                                (no ring)

@: no status effects
A: breathe frost, unfitting armour, cold resistance 1, cold-blooded, AC +6
a: Breathe Frost, Renounce Religion


You were on level 6 of the Dungeon.
You worshipped Ru.
Ru was noncommittal.
You were not hungry.

You visited 2 branches of the dungeon, and saw 7 of its levels.

You collected 181 gold pieces.

Inventory:

Hand Weapons
 a - a +0 morningstar (weapon)
 b - a +1 hunting sling of freezing
Missiles
 k - 24 sling bullets
 l - 147 stones (quivered)
 q - 80 arrows
 s - 7 curare-tipped needles
 y - 23 bolts
 G - 21 poisoned needles
Armour
 n - a +0 cloak (worn)
 K - a +0 large shield
Wands
 I - a wand of confusion (35/48)
Scrolls
 c - a scroll of fear {unknown}
 e - 2 scrolls of identify {unknown}
 m - a scroll of fog {unknown}
 t - a scroll of remove curse {unknown}
 v - a scroll of enchant armour {unknown}
 w - a scroll of amnesia {unknown}
 z - a scroll of magic mapping {unknown}
Potions
 h - 2 potions of cure mutation {unknown}
 j - a potion of invisibility {unknown}
 o - 3 potions of flight {unknown}
 p - 3 potions of berserk rage {unknown}
 r - 2 potions of lignification {unknown}
 x - a potion of curing {unknown}
 B - 3 potions of heal wounds {unknown}
 C - 3 potions of degeneration {unknown}
 D - 2 potions of resistance
 E - a potion of mutation {unknown}
 H - a potion of brilliance {unknown}
 J - 2 potions of agility {unknown}
Books
 d - a book of Conjurations

   Spells                             Type                      Level
   a - Magic Dart                     Conjuration                  1
   b - Searing Ray                    Conjuration                  2
   c - Dazzling Spray                 Conjuration/Hexes            3
   d - Fulminant Prism                Conjuration/Hexes            4
   e - Iskenderun's Mystic Blast      Conjuration                  4
   f - Iskenderun's Battlesphere      Conjuration/Charms           5
 u - a book of Maledictions

   Spells                             Type                      Level
   a - Corona                         Hexes                        1
   b - Ensorcelled Hibernation        Hexes/Ice                    2
   c - Confuse                        Hexes                        3
   d - Tukima's Dance                 Hexes                        3
   e - Dazzling Spray                 Conjuration/Hexes            3
 A - a book of Cantrips

   Spells                             Type                      Level
   a - Confusing Touch                Hexes                        1
   b - Animate Skeleton               Necromancy                   1
   c - Summon Small Mammal            Summoning                    1
   d - Apportation                    Translocation                1
Comestibles
 f - 2 beef jerkies
 i - 3 bread rations
 F - a slice of pizza


   Skills:
 + Level 2.4 Maces & Flails
 - Level 2.5 Throwing
 - Level 1.7 Dodging
 - Level 1.7 Stealth
 - Level 5.9 Spellcasting
 - Level 5.7 Conjurations
 - Level 3.6 Hexes


You had 2 spell levels left.
You knew the following spells:

 Your Spells              Type           Power        Failure   Level  Hunger
a - Magic Dart            Conj           ###.         1%          1    None
b - Searing Ray           Conj           ###...       1%          2    None
c - Dazzling Spray        Conj/Hex       ###...       8%          3    ##.....
d - Iskenderun's Mystic   Conj           ###.....     14%         4    ####...
e - Fulminant Prism       Conj/Hex       ###.......   21%         4    ####...
f - Ensorcelled Hibernat  Hex/Ice        ##....       12%         2    None


Dungeon Overview and Level Annotations

Branches:
Dungeon (6/15)             Temple (1/1) D:5

Altars:
Ashenzari
Cheibriados
Dithmenos
Elyvilon
Fedhas
Gozag
Hepliaklqana
Kikubaaqudgha
Makhleb
Nemelex Xobeh
Okawaru
Ru
Sif Muna
Trog
Vehumet
Xom
Zin
The Shining One

Shops:
D:4 *

Annotations:
D:4 exclusion: statue


Innate Abilities, Weirdness & Mutations

You can breathe waves of freezing cold.
You can buffet flying creatures when you breathe cold.
Your icy white scales are hard. (AC +6)
You cannot fit into any form of body armour.
Your flesh is cold resistant. (rC+)
You are cold-blooded and may be slowed by cold attacks.


Message History

Press: ? - help, Shift-Dir - straight line, f/p - orc warrior
Aim: an orc warrior, wielding a short sword and wearing a plate armour (almost dead)
The searing ray hits the orc warrior.
The orc warrior is almost dead. (Press . to maintain the ray.)
You have got your breath back.
The orc warrior hits you with a short sword!
* * * LOW HITPOINT WARNING * * *
The searing ray misses the orc warrior.
The orc warrior hits you with a short sword.
* * * LOW HITPOINT WARNING * * *
Casting: Searing Ray
Confirm with . or Enter, or press ? or * to list all spells.
Aiming: Magic Dart
Press: ? - help, Shift-Dir - straight line, f/p - orc warrior
Aim: an orc warrior, wielding a short sword and wearing a plate armour (almost dead)
The magic dart hits the orc warrior.
The orc warrior is almost dead.
The orc warrior hits you with a short sword!
You die...

################
#..............###########
#..............@o........#
#..............#########.#
##..............# #.#
......##....#...###### #.#
...##.##.............# #.#
...##.##.............####.#
..........................#
.....................######
......)..............#


You could see an orc warrior.

Vanquished Creatures
  Grinder (D:3)
  A sky beast (D:5)
  2 ogres (D:5)
  2 centaurs (D:5)
  A crimson imp (D:5)
  Crazy Yiuf (D:3)
  An orc priest (D:3)
  A hound (D:5)
  An iguana (D:5)
  Ijyb (D:3)
  4 worker ants (D:5)
  8 gnolls
  6 adders
  3 shadow imps (D:5)
  An adder zombie (D:5)
  A worm (D:4)
  2 dart slugs (D:3)
  4 leopard geckos
  15 orcs
  2 ball pythons
  2 giant cockroaches
  5 goblins
  9 hobgoblins
  4 jackals (D:5)
  3 kobolds
  A quokka (D:3)
  4 bats
  6 frilled lizards
  11 rats
103 creatures vanquished.

Vanquished Creatures (others)
  2 fulminant prisms
2 creatures vanquished.

Grand Total: 105 creatures vanquished

Notes
Turn   | Place    | Note
-------+----------+-------------------------------------------
     0 | D:1      | mike2R the Draconian Conjurer began the quest for the Orb.
     0 | D:1      | Reached XP level 1. HP: 14/14 MP: 3/3
   185 | D:1      | Reached XP level 2. HP: 13/20 MP: 0/5
   189 | D:1      | Learned a level 2 spell: Searing Ray
   837 | D:2      | Reached XP level 3. HP: 20/26 MP: 4/7
  1016 | D:2      | Learned a level 2 spell: Ensorcelled Hibernation
  1355 | D:3      | Found a faded altar of an unknown god.
  1407 | D:3      | Reached skill level 1 in Hexes
  1423 | D:3      | Found a white marble altar of Elyvilon.
  1483 | D:2      | Reached XP level 4. HP: 33/33 MP: 3/8
  1577 | D:2      | Learned a level 3 spell: Dazzling Spray
  1938 | D:2      | Reached skill level 5 in Conjurations
  1938 | D:2      | Reached XP level 5. HP: 38/38 MP: 6/10
  2272 | D:3      | Noticed Grinder
  2274 | D:3      | Paralysed by Grinder for 2 turns
  2285 | D:3      | Killed Grinder
  2285 | D:3      | Reached XP level 6. HP: 25/45 MP: 0/12
  2291 | D:3      | Learned a level 4 spell: Fulminant Prism
  2443 | D:3      | Found a shattered altar of Ashenzari.
  2536 | D:3      | Noticed Ijyb
  2541 | D:3      | Killed Ijyb
  2696 | D:3      | Found a runed door.
  2700 | D:3      | Noticed Crazy Yiuf
  2705 | D:3      | Killed Crazy Yiuf
  3020 | D:4      | Found a radiant altar of Vehumet.
  3209 | D:4      | Found an iron altar of Okawaru.
  3261 | D:4      | Found Bstaelad's Bounteous Boutique.
  3531 | D:4      | Reached skill level 5 in Spellcasting
  3557 | D:5      | Entered Level 5 of the Dungeon
  3607 | D:5      | Found a staircase to the Ecumenical Temple.
  3613 | Temple   | Entered the Ecumenical Temple
  3870 | Temple   | Became a worshipper of Ru the Awakened
  3959 | D:5      | Noticed a sky beast
  3964 | D:5      | Killed a sky beast
  3964 | D:5      | Your scales start taking on an icy white colour.
  3964 | D:5      | Reached XP level 7. HP: 47/50 MP: 6/15
  3964 | D:5      | Gained mutation: Your flesh is cold resistant. (rC+) [White Draconian growth]
  4446 | D:5      | Reached skill level 1 in Throwing
  5198 | D:5      | Reached skill level 1 in Maces & Flails
  5198 | D:5      | Reached XP level 8. HP: 57/57 MP: 16/16
  5635 | D:5      | Learned a level 4 spell: Iskenderun's Mystic Blast
  5981 | D:6      | Slain by an orc warrior

Skill      XL: |  1  2  3  4  5  6  7  8 |
---------------+-------------------------+-----
Spellcasting   | 3 4 5 |  5.9
Hexes          | 1 2 3 |  3.6
Conjurations   | 5 |  5.7
Throwing       | 2 |  2.5
Maces & Flails | 1 2 |  2.4
Dodging        | |  1.7
Stealth        | |  1.7

Action                   |  1- 3 |  4- 6 |  7- 9 || total
-------------------------+-------+-------+-------++-------
Melee: Whip              |     6 |    10 |       ||    16
       Flail             |       |    10 |    52 ||    62
       Tailslap          |       |       |     4 ||     4
       Morningstar       |       |       |     2 ||     2
 Fire: Hunting sling     |    32 |    37 |    37 ||   106
 Cast: Magic Dart        |    32 |    20 |    21 ||    73
       Searing Ray       |     7 |    13 |    12 ||    32
       Ensorcelled Hiber |     1 |       |    10 ||    11
       Dazzling Spray    |       |     6 |     1 ||     7
       Fulminant Prism   |       |       |     2 ||     2
       Iskenderun's Myst |       |       |     1 ||     1
 Abil: Breathe Frost     |       |       |     3 ||     3
  Use: Scroll            |     1 |     1 |       ||     2
 Stab: Sleeping          |       |       |     2 ||     2
  Eat: Chunk             |     2 |     8 |     4 ||    14
       Meat ration       |       |       |     1 ||     1
Armor: Skin              |     7 |    18 |    27 ||    52
Dodge: Dodged            |    16 |    30 |    57 ||   103
